 Dungeon Crawl Stone Soup version 0.29.1-13-g9f3cf754e1 (webtiles) character file.

Game seed: 1503986602972897435

107 ChrisAssaf the Magician (level 5, -2/36 HPs)
             Began as a Djinni Venom Mage on Feb 2, 2023.
             Was a Follower of Okawaru.
             Slain by a hound (4 damage)
             ... on level 4 of the Dungeon.
             The game lasted 00:07:35 (1818 turns).

ChrisAssaf the Magician (Djinni Venom Mage)         Turns: 1818, Time: 00:07:36

Health: -2/36      AC:  2    Str:  9    XL:     5   Next: 11%
Gold:   38         EV: 12    Int: 16    God:    Okawaru [*.....] SH:  0 Dex: 14

rFire   + + .      SeeInvis .   f - +0 halberd
rCold   x . .      Faith    .   (shield currently unavailable)
rNeg    . . .      Spirit   .   a - +0 robe
rPois   ∞          Reflect  .   (no helmet)
rElec   .          Harm     .   c - scarf {repulsion}
rCorr   .          Rampage  .   (no gloves)
Will    .....                   (boots unavailable)
Stlth   +.........              (no amulet)
HPRegen 0.12/turn               (no ring)
MPRegen 0.00/turn               (no ring)

@: brilliant, silenced, flying, repel missiles
A: sickness immunity, fire resistance 2, cold vulnerability 1, float, innate
caster, HP casting, extra vitality 1
a: Renounce Religion


You were on level 4 of the Dungeon.
You worshipped Okawaru.
Okawaru was aware of your devotion.
You visited 1 branch of the dungeon, and saw 4 of its levels.

You collected 158 gold pieces.
You spent 120 gold pieces at shops.

Inventory:

Hand Weapons
 e - a +0 sling
 f - a +0 halberd (weapon)
 k - a +3 hand axe
Missiles
 g - 4 atropa-tipped darts
 j - 3 curare-tipped darts (quivered)
Armour
 a - a +0 robe (worn)
 c - a scarf of repulsion (worn)
Scrolls
 m - a scroll of brand weapon {unknown}
Potions
 b - 2 potions of might


   Skills:
 * Level 0.4 Fighting
 * Level 0.5 Polearms
 * Level 0.5 Ranged Weapons
 * Level 0.3 Throwing
 * Level 0.5 Armour
 * Level 2.7 Dodging
 * Level 2.0 Stealth
 * Level 3.3 Spellcasting
 * Level 0.5 Invocations


You couldn't memorise any spells.
You knew the following spells:

 Your Spells              Type           Power      Damage    Failure   Level
a - Sting                 Tmut/Pois      80%        1d7       4%          1
b - Poisonous Vapours     Pois/Air       40%        N/A       7%          2
c - Mephitic Cloud        Conj/Pois/Air  20%        N/A       14%         3
d - Olgreb's Toxic Radia  Pois           20%        N/A       41%         4
e - Sandblast             Erth           40%        2d10      4%          1
f - Static Discharge      Conj/Air       20%        3-6/arc   7%          2
Your spell library was empty.

Dungeon Overview and Level Annotations

Branches:
Dungeon (4/15)
 Temple: D:4-7

Altars:
Okawaru

Shops:
D:4 (


Innate Abilities, Weirdness & Mutations

You are immune to sickness and miasma.
You are immune to poison.
Your flesh is very heat resistant. (rF++)
You are vulnerable to cold. (rC-)
You float through the air rather than walking.
You learn spells naturally, not from books.
Your magical power is your life essence.
You have superior vitality. (+4 MHP)


Message History

The hound bites you.
* * * LOW HITPOINT WARNING * * *
The adder bites you but does no damage. The hound barely misses you.
The adder closely misses you.
It was a potion of brilliance.
You feel clever all of a sudden. The hound closely misses you.
A black bear comes into view.
The hound barely misses you. The adder barely misses you.
It was a potion of curing.
You feel better. The hound bites you but does no damage.
The adder barely misses you. The hound attacks as you move away!
The hound bites you.
The black bear growls angrily.
The adder bites you.
* * * LOW HITPOINT WARNING * * *
The hound closely misses you.
You barely miss the hound. The adder bites you.
* * * LOW HITPOINT WARNING * * *
The hound bites you.
* * * LOW HITPOINT WARNING * * *
The adder closely misses you. The hound barely misses you.
Unknown command.
As you read the scroll labelled DOAVEYNEKA, it crumbles to dust.
It is a scroll of amnesia.
You feel forgetful for a moment. The hound closely misses you.
The adder closely misses you. x2; The hound closely misses you.
Press: ? - help, v - describe, . - travel, g - get item Item here: a pitted diamond amulet.
The floor.
As you read the scroll labelled QAMAMOTABO, it crumbles to dust.
A profound silence engulfs you.
It was a scroll of silence.
The hound bites you.
* * * LOW HITPOINT WARNING * * *
The adder barely misses you. The hound bites you.
* * * LOW HITPOINT WARNING * * *
The hound bites you but does no damage. The adder attacks as you move away!
The adder misses you. x2
The hound attacks as you move away! The hound bites you.
You die...

#..##.#.. #. .#
#[.##.#.. #.. #.#
##[.#..... ...# #.#
#......##. ....####$#
#.........
.........######<#.......
.....#......#.####.#.#
##<."......#.# #....
#...@...#..#.# ###.#
#...hS..#..#.#######.
###...h...#............
..[.......#....########
..>.............#
####......>...###
#..<........#####
#.#.........[...#
#.#.#.......###.#


You could see a black bear (unsilenced), a hound and an adder.

Vanquished Creatures
  A howler monkey (D:4)
  3 gnolls (D:3)
  An adder (D:2)
  A ball python (D:3)
  An endoplasm (D:1)
  3 giant cockroaches
  4 hobgoblins
  5 bats
  A frilled lizard (D:2)
  7 goblins
  4 kobolds (D:1)
  A rat (D:2)
32 creatures vanquished.

Vanquished Creatures (others)
  4 plants (D:3)
4 creatures vanquished.

Grand Total: 36 creatures vanquished

Notes
Turn   | Place    | Note
-------+----------+-------------------------------------------
     0 | D:1      | ChrisAssaf the Djinni Venom Mage began the quest for the
                  | Orb.
     0 | D:1      | ChrisAssaf set off with the following spells memorised:
                  | Sting, Poisonous Vapours, Mephitic Cloud, Olgreb's Toxic
                  | Radiance.
     0 | D:1      | Reached XP level 1. HP: 15/15 MP: 0/0
   134 | D:1      | Reached XP level 2. HP: 17/21 MP: 0/0
   249 | D:1      | Noticed a shining eye
   252 | D:1      | Found a faded altar of an unknown god.
   254 | D:1      | Noticed a shining eye
   255 | D:1      | Noticed a golden eye
   255 | D:1      | Noticed a floating eye
   510 | D:1      | Prayed at the altar of an unknown god.
   510 | D:1      | Became a worshipper of Warmaster Okawaru
   510 | D:1      | Reached * piety under Okawaru
   970 | D:2      | Reached XP level 3. HP: 20/25 MP: 0/0
   970 | D:2      | Learned a level 1 spell: Sandblast
   983 | D:2      | Reached skill level 3 in Spellcasting
  1371 | D:3      | Reached XP level 4. HP: 20/31 MP: 0/0
  1697 | D:4      | Found Xemodeabb's Antique Weapon Emporium.
  1707 | D:4      | Bought a glowing hand axe for 120 gold pieces
  1808 | D:4      | Reached XP level 5. HP: 14/36 MP: 0/0
  1808 | D:4      | Learned a level 2 spell: Static Discharge
  1810 | D:4      | Noticed a black bear
  1818 | D:4      | Slain by a hound

Illustrated notes

Levels and vault maps discovered:
D:1:      dpeg_arrival_solitude, layout_rooms,
          hellmonk_ecumenical_altar_watching_god, serial_glass, glass_columns_a,
          glass_columns_b
D:2:      layout_basic, basic_altar, serial_shops, shop, uniq_natasha
D:3:      cheibrodos_old_hovel, layout_rooms, tso_oasis_becter,
          cheibrodos_worm_habitat, amcnicky_altar_gilded, st_stairs_4,
          chequers_serial_rivers_small_3
D:4:      layout_loops_ring, grunt_ashenzari_visionary
          [grunt_ashenzari_visionary_swamp, grunt_ashenzari_visionary_snake],
          serial_shops, nicolae_shop_bloodbath_and_beyond,
          nicolae_shop_waterfront

Skill      XL: |  1  2  3  4 |
---------------+-------------+-----
Spellcasting   | 3 |  3.3
Stealth        | 2 |  2.0
Fighting       | |  0.4
Polearms       | |  0.5
Ranged Weapons | |  0.5
Throwing       | |  0.3
Armour         | |  0.5
Dodging        | |  2.7
Invocations    | |  0.5

Action                   |  1- 3 |  4- 6 || total
-------------------------+-------+-------++-------
Melee: Halberd           |     7 |    17 ||    24
 Fire: Sling             |     1 |       ||     1
Throw: Dart              |     2 |       ||     2
 Cast: Sting             |    12 |       ||    12
       Poisonous Vapours |    18 |     2 ||    20
       Sandblast         |     2 |     1 ||     3
       Mephitic Cloud    |     2 |       ||     2
  Use: Scroll            |     2 |     2 ||     4
       Potion            |     1 |     2 ||     3
Armor: Robe              |    11 |     9 ||    20
       Skin              |     1 |     2 ||     3
Dodge: Dodged            |    41 |    44 ||    85
